 Dungeon Crawl Stone Soup version 0.31-a0-806-g0bc164a743 (webtiles) character file.

Game seed: 10783751695442325279

4483 Eddy the Reanimator (level 10, -5/7 HPs)
             Began as a Demonspawn Necromancer on Sept 21, 2023.
             Was a High Priest of Hepliaklqana.
             Slain by an ice devil (6 damage)
             ... summoned by a kobold demonologist
             ... on level 9 of the Dungeon.
             The game lasted 00:28:28 (9451 turns).

Eddy the Reanimator (Demonspawn Necromancer)        Turns: 9451, Time: 00:28:30

Health: -5/7       AC:  2    Str: 14    XL:     10   Next: 16%
Magic:  0/23       EV: 15    Int: 21    God:    Hepliaklqana [*****.]
Gold:   525        SH:  0    Dex: 13    Spells: 24/28 levels left

rFire   . . .        (weapon currently unavailable)
rCold   . . .        (shield currently unavailable)
rNeg    . . .        G - melded +0 steam dragon scales
rPois   .            E - melded +0 helmet
rElec   .            (cloak currently unavailable)
rCorr   .            (gloves currently unavailable)
SInv    .            (boots currently unavailable)
Will    .....        f - amulet of guardian spirit
Stlth   ++           n - ring of wizardry
HPRegen 0.21/turn    (no ring)
MPRegen 0.18/turn

%: guardian spirit, wizardry (x1)
@: agile, snake-form
A: constrict, reduced hp, reduced essence, large, (claws 2), powered by death 1,
powered by pain 1
a: Begin Untransformation, Renounce Religion, Recall Ancestor, Ancestor
Identity, Transference, Idealise


You were on level 9 of the Dungeon.
You worshipped Hepliaklqana.
Hepliaklqana was extremely pleased with you.
You were an enormous anaconda.
You visited 1 branch of the dungeon, and saw 9 of its levels.

You collected 525 gold pieces.

Inventory:

Hand Weapons
 s - a +2 dagger of venom
 t - a +0 whip of flaming
Missiles
 w - 3 throwing nets
Armour
 j - an orb of mayhem
 m - a +0 robe
 p - a +0 leather armour
 E - a +0 helmet (melded)
 G - +0 steam dragon scales (melded)
Jewellery
 f - an amulet of guardian spirit (around neck)
 n - a ring of wizardry (left hand)
Talismans
 v - a serpent talisman (active)
Wands
 x - a wand of flame (29)
 F - a wand of roots (4)
Scrolls
 c - a scroll of poison
 e - a scroll of noise
 g - 6 scrolls of teleportation
 i - 2 scrolls of brand weapon
 o - 2 scrolls of enchant armour
 r - 2 scrolls of immolation
 u - a scroll of blinking
 y - 4 scrolls of identify
 A - a scroll of fog {unknown}
 B - a scroll of revelation {unknown}
 C - a scroll of enchant weapon {unknown}
Potions
 a - 3 potions of brilliance
 b - 2 potions of magic
 d - 4 potions of cancellation
 h - 3 potions of invisibility {unknown}
 k - 4 potions of curing {unknown}
 l - 3 potions of resistance {unknown}
 q - a potion of haste {unknown}
 z - a potion of ambrosia {unknown}
 D - 3 potions of might {unknown}


   Skills:
 + Level 2.4 Fighting
 + Level 0.9 Maces & Flails
 + Level 2.4 Armour
 + Level 2.1 Dodging
 + Level 2.2 Stealth
 * Level 9.6 Spellcasting
 * Level 11.5 Necromancy


You had 24 spell levels left.
You knew the following spells:

 Your Spells              Type           Power      Damage    Failure   Level
a - Necrotise             Necr           100%       1d9       1%          1
b - Vampiric Draining     Necr           55%        2d9       1%          3

Your spell library contained the following spells:

 Spells                   Type           Power      Damage    Failure   Level
 Sublimation of Blood     Necr           55%        N/A       1%          2
 Animate Dead             Necr           55%        N/A       1%          4
 Agony                    Necr           55%        N/A       1%          5
 Gell's Gravitas          Tloc           10%        N/A       9%          3
 Teleport Other           Tloc           10%        N/A       9%          3
 Leda's Liquefaction      Hex/Erth       5%         N/A       26%         4
 Petrify                  Tmut/Erth      10%        N/A       26%         4
 Irradiate                Conj/Tmut      5%         3d13      56%         5
 Lee's Rapid Deconstruct  Erth           5%         3d6*      56%         5
 Dispersal                Tloc           5%         N/A       98%         6
 Leda's Unmaking          Conj/Erth      5%         9d2       98%         6


Dungeon Overview and Level Annotations

Branches:
Dungeon (9/15)             Temple (0/1) D:7
   Lair: D:8-11         Orc: D:9-12

Altars:
Ashenzari
Dithmenos
Hepliaklqana
Kikubaaqudgha
Okawaru
Ru
Sif Muna
Uskayaw
Xom
Jiyva

Annotations:
D:8 3 runed translucent doors, Vontreibholz's ghost, novice HOFi
D:9 2 transporters, ouz's ghost, novice DsSh


Innate Abilities, Weirdness & Mutations

You are an enormous anaconda.
You have a powerful constriction melee attack.
Your maximum health is decreased, since you lack skill for your form.
Your armour is entirely melded.
You are incapable of wielding weapons or throwing items.
Your life essence is reduced to manifest your ancestor. (-10% HP)
((You have very sharp fingernails.))
You regenerate a little health from kills.
You sometimes gain a little power by taking damage.


Message History

You begin transforming.
You continue transforming.
The smoke demon barely misses Flynn. x2
The smoke demon hits Flynn but does no damage.
The hellwing barely misses you. The hellwing closely misses you.
The kobold demonologist misses Flynn.
The ice devil closely misses you.
Your kobold skeleton is engulfed in a cloud of scalding steam.
Your kobold skeleton is destroyed!
Flynn closely misses the ice devil.
You continue transforming.
The kobold demonologist casts a spell.
The smoke demon gestures at you.
The sticky flame hits Flynn.
Flynn resists.
The hellwing barely misses you. The hellwing closely misses you.
The kobold demonologist barely misses Flynn.
The ice devil hits you but does no damage.
Flynn points at the smoke demon and mumbles some strange words.
The puff of frost hits the smoke demon!
You continue transforming.
The smoke demon hits Flynn. x2
The smoke demon hits Flynn but does no damage.
The hellwing hits you! The hellwing misses you.
The kobold demonologist mumbles some strange words.
The ice devil misses you.
The rust devil barely misses Flynn.
Flynn hits the smoke demon with a +0 quarterstaff!
You turn into an enormous anaconda.
Your +0 helmet melds into your body.
Your +0 steam dragon scales melds into your body.
Unknown command.
You hit the hellwing. You grab the hellwing.
The hellwing is lightly wounded.
You constrict the hellwing.
The smoke demon completely misses Flynn.
The smoke demon hits Flynn. x2; The hellwing hits you.
The hellwing hits you!
Ouch! That really hurt!
* * * LOW HITPOINT WARNING * * *
You focus on the pain.
You feel agile all of a sudden.
The kobold demonologist completely misses Flynn.
The ice devil hits you!
Ouch! That really hurt!
You die...

....######)#
........3..#
.........#
#))....#
#..K5..####
#..3K......
#..R4......
#.54#####..
#..S# . #..4#
.. . #...#
.... .
#...#####....
#
#...........
#
###.........
# #......## #
#......#
#########.
#.....##


You could see the friendly Flynn the battlemage, a hellwing (summoned), an ice
devil (summoned), a rust devil (summoned), 2 kobold demonologists, a sixfirhy
(summoned), a smoke demon (summoned, ally target), a shadow imp (summoned) and
an ufetubus (summoned).

Vanquished Creatures
  3 yaks (D:8)
  A sky beast (D:8)
  An orc warrior (D:7)
  A black bear (D:6)
  An ogre (D:6)
  2 centaurs
  3 phantoms (D:6)
  A kobold brigand (D:9)
  A scorpion (D:4)
  A bullfrog (D:7)
  4 killer bees (D:7)
  A howler monkey (D:7)
  A gnoll bouda (D:5)
  2 orc priests
  3 orc wizards
  3 iguanas
  Robin (D:2)
  4 adders
  5 gnolls (D:5)
  2 worms
  A dart slug (D:2)
  18 orcs
  10 endoplasms
  2 giant cockroaches (D:1)
  10 goblins
  6 hobgoblins
  3 jackals (D:3)
  6 quokkas
  7 ball pythons
  2 bats (D:1)
  3 frilled lizards
  14 kobolds
  A rat (D:3)
124 creatures vanquished.

Vanquished Creatures (collateral kills)
  An unseen horror (D:5)
  A wyvern (D:9)
  A yak (D:8)
  2 wraiths
  A steam dragon (D:9)
  Menkaure (D:4)
  A water moccasin (D:8)
  An orc warrior (D:9)
  3 centaurs
  A kobold brigand (D:7)
  3 bullfrogs
  A scorpion (D:5)
  2 howler monkeys (D:7)
  2 orc priests
  2 hounds
  2 jellies (D:7)
  An iguana (D:5)
  A sleepcap (D:5)
  6 orc wizards
  An adder (D:5)
  7 gnolls (D:5)
  A white imp (D:6)
  An ufetubus (D:4)
  A worm (D:4)
  2 dart slugs (D:5)
  14 orcs
  A giant cockroach (D:4)
  4 goblins (D:2)
  5 hobgoblins
  A jackal (D:3)
  9 kobolds
  2 rats (D:2)
82 creatures vanquished.

Vanquished Creatures (others)
  A battlemage (D:8)
1 creature vanquished.

Grand Total: 207 creatures vanquished

Notes
Turn   | Place    | Note
-------+----------+-------------------------------------------
     0 | D:1      | Eddy the Demonspawn Necromancer began the quest for the
                  | Orb.
     0 | D:1      | Reached XP level 1. HP: 13/13 MP: 3/3
   402 | D:1      | Gained mutation: You sometimes gain a little power by
                  | taking damage. [demonic ancestry]
   402 | D:1      | Reached XP level 2. HP: 9/19 MP: 0/5
   544 | D:1      | Found a faded altar of an unknown god.
   558 | D:1      | Prayed at the altar of an unknown god.
   558 | D:1      | Became a worshipper of Hepliaklqana the Forgotten
   558 | D:1      | Reached * piety under Hepliaklqana
  1231 | D:2      | Reached skill level 5 in Necromancy
  1304 | D:2      | Gained mutation: You have sharp fingernails. [demonic
                  | ancestry]
  1304 | D:2      | Reached XP level 3. HP: 21/21 MP: 4/6
  1828 | D:2      | Noticed Robin
  1865 | D:2      | Killed Robin
  1866 | D:2      | Gained mutation: You have very sharp fingernails. [demonic
                  | ancestry]
  1866 | D:2      | Reached XP level 4. HP: 11/27 MP: 0/8
  2190 | D:2      | Reached ** piety under Hepliaklqana
  2191 | D:2      | Remembered your ancestor Flynn as a battlemage
  2598 | D:3      | Found a broken altar of Ashenzari.
  3544 | D:4      | Reached XP level 5. HP: 31/31 MP: 8/10
  3766 | D:4      | Noticed Menkaure
  3775 | D:4      | Killed Menkaure
  3776 | D:4      | Reached skill level 6 in Necromancy
  3776 | D:4      | Gained mutation: You regenerate a little health from kills.
                  | [demonic ancestry]
  3776 | D:4      | Reached XP level 6. HP: 11/36 MP: 4/12
  4083 | D:4      | Reached *** piety under Hepliaklqana
  4220 | D:5      | Entered Level 5 of the Dungeon
  4236 | D:5      | Reached skill level 7 in Necromancy
  4320 | D:5      | Reached skill level 5 in Spellcasting
  4320 | D:5      | Reached XP level 7. HP: 41/41 MP: 7/14
  4418 | D:5      | Reached skill level 1 in Armour
  4451 | D:5      | Found an ancient bone altar of Kikubaaqudgha.
  4451 | D:5      | Found a shimmering altar of Xom.
  4604 | D:5      | Reached skill level 1 in Fighting
  4958 | D:5      | Reached skill level 8 in Necromancy
  5110 | D:5      | Killed an unseen horror
  5111 | D:5      | Reached XP level 8. HP: 29/48 MP: 10/17
  5195 | D:5      | Found a shimmering blue altar of Sif Muna.
  5600 | D:5      | Learned a level 3 spell: Vampiric Draining
  5853 | D:6      | Reached skill level 9 in Necromancy
  5962 | D:6      | Found a shadowy altar of Dithmenos.
  6262 | D:6      | Reached **** piety under Hepliaklqana
  6450 | D:6      | HP: 2/48 [centaur/arrow (5)]
  6452 | D:6      | Reached XP level 9. HP: 2/53 MP: 1/20
  6960 | D:7      | Found an iron altar of Okawaru.
  6966 | D:7      | Reached skill level 10 in Necromancy
  7365 | D:7      | Found a staircase to the Ecumenical Temple.
  8218 | D:8      | Reached skill level 11 in Necromancy
  8419 | D:8      | Reached XP level 10. HP: 61/61 MP: 18/23
  8825 | D:8      | Found a runed translucent gate.
  8852 | D:8      | Found a hide-covered altar of Uskayaw.
  8911 | D:8      | Reached ***** piety under Hepliaklqana
  9021 | D:8      | Found a runed translucent gate.
  9022 | D:8      | Found a runed translucent gate.
  9022 | D:8      | Noticed Vontreibholz's ghost (novice HOFi)
  9118 | D:8      | Found a viscous altar of Jiyva.
  9148 | D:9      | Noticed a two-headed ogre
  9295 | D:9      | Noticed ouz's ghost (novice DsSh)
  9297 | D:9      | Found a transporter.
  9299 | D:9      | Noticed a two-headed ogre
  9300 | D:9      | Found a transporter.
  9354 | D:9      | Noticed a boulder beetle
  9376 | D:9      | Found a sacrificial altar of Ru.
  9437 | D:9      | Noticed a smoke demon
  9446 | D:9      | Noticed a rust devil
  9450 | D:9      | Noticed a sixfirhy
  9451 | D:9      | Slain by an ice devil

Illustrated notes

Levels and vault maps discovered:
D:1:      onia_arrival_mini_spirals, layout_basic,
          chequers_ecumenical_altar_simple_redux, minmay_tromino_v4_b
D:2:      layout_loops_ring, dreamdust_princess_bridge, nicolae_wormholes,
          uniq_robin
D:3:      layout_loops_corners, ashenzari_altar_1
D:4:      layout_basic, chequers_serial_rivers_small_3, uniq_menkaure
D:5:      layout_cave_pods, mainiacjoe_overflow_alcove_4,
          nicolae_overflow_two_pavilions, serial_glass, glass_columns_a,
          glass_columns_a, due_unseen_surprise, feat_on_display,
          minmay_strange_pillars, item_on_display_b, grunt_decor_cap
D:6:      layout_basic, grunt_dithmenos_smoke, nicolae_sextant
D:7:      layout_loops_ring, mainiacjoe_overflow_chevrons,
          minmay_temple_entry_statues_pillars
D:8:      layout_gridville, nicolae_uskayaw_murder_on_the_dancefloor,
          gammafunk_ghost_ooze, hangedman_decor_points
D:9:      layout_irregular_city, kennysheep_mini, gammafunk_ghost_arena

Skill      XL: |  1  2  3  4  5  6  7  8  9 |
---------------+----------------------------+-----
Necromancy     | 5 6 7 8 9 11 | 11.5
Spellcasting   | 3 4 5 6 7 9 |  9.6
Armour         | 1 2 |  2.4
Fighting       | 1 2 |  2.4
Dodging        | 2 |  2.1
Stealth        | 2 |  2.2
Maces & Flails | |  0.9

Action                     |  1- 3 |  4- 6 |  7- 9 | 10-12 || total
---------------------------+-------+-------+-------+-------++-------
  Melee: Unarmed           |     6 |     1 |       |     1 ||     8
         Whip              |       |     5 |    48 |       ||    53
         Constrict         |       |       |       |     1 ||     1
   Cast: Necrotise         |    64 |    83 |   177 |    31 ||   355
 Invoke: Ancestor Identity |     1 |       |       |       ||     1
         Ancestor Life: Ba |       |     1 |       |       ||     1
         Recall Ancestor   |       |       |     2 |       ||     2
    Use: Scroll            |       |       |     9 |       ||     9
 Armour: Robe              |    21 |     1 |       |       ||    22
         Leather armour    |       |     7 |   102 |     3 ||   112
         Steam dragon scal |       |       |       |    14 ||    14
         Skin              |       |       |       |     3 ||     3
  Dodge: Dodged            |    25 |     8 |    76 |    14 ||   123
   Form: Anaconda          |       |       |       |     1 ||     1

Table legend: (Time is in decaauts)
 A = Elapsed time spent in this place.
 B = Non-inter-level travel time spent in this place.
 C = Inter-level travel time spent in this place.
 D = Time resting spent in this place.
 E = Time spent auto-exploring this place.
 F = Levels seen in this place.
 G = Mean time per level.
                   A        B        C        D        E       F      G
               +--------+--------+--------+--------+--------+-----+--------+
         Total |   9467 |   8988 |    479 |      0 |   7875 |   9 | 1051.9 |
       Dungeon |   9467 |   8988 |    479 |      0 |   7875 |   9 | 1051.9 |
               +--------+--------+--------+--------+--------+-----+--------+

Top non-repeatable levels by time:
     D:6: 1408 daAuts
     D:5: 1402 daAuts
     D:1: 1166 daAuts
     D:8: 1143 daAuts
     D:3: 1135 daAuts
     D:2: 1120 daAuts
     D:7: 1071 daAuts
     D:4: 798 daAuts
     D:9: 222 daAuts
